 Dungeon Crawl Stone Soup version 0.19-a0-944-gb338e1e (webtiles) character file.

1895 Implojin the Cleaver (level 8, 0/74 HPs)
             Began as a Minotaur Fighter on July 9, 2016.
             Was a Follower of Okawaru.
             Impaled on a porcupine's spines (14 damage)
             ... on level 9 of the Dungeon.
             The game lasted 00:09:49 (1812 turns).

Implojin the Cleaver (Minotaur Fighter)             Turns: 1812, Time: 00:09:49

Health: 0/74       AC: 12    Str: 27    XL:     8   Next: 93%
Magic:  5/7        EV:  9    Int:  5    God:    Okawaru [*.....]
Gold:   154        SH: 12    Dex: 11    Spells: 0 memorised, 7 levels left

rFire  . . .     SeeInvis .     a - +0 war axe
rCold  . . .     Gourm    .     u - +0 chain mail
rNeg   . . .     Faith    .     c - +0 shield
rPois  .         Spirit   .     (helmet restricted)
rElec  .         Dismiss  .     (no cloak)
rCorr  .         Reflect  .     (no gloves)
SustAt +         Harm     .     m - +0 pair of boots
MR     .....                    (no amulet)
Stlth  ..........               (no ring)
                                r - ring of sustain attributes

@: mighty, heroism, not resistant to hostile enchantments, extremely unstealthy
A: retaliatory headbutt, horns 2
a: Heroism, Renounce Religion


You were on level 9 of the Dungeon.
You worshipped Okawaru.
Okawaru was aware of your devotion.
You were not hungry.

You visited 2 branches of the dungeon, and saw 10 of its levels.
You also visited: Ossuary.

You collected 154 gold pieces.

Inventory:

Hand Weapons
 a - a +0 war axe (weapon)
Armour
 b - a +1 leather armour of fire resistance
 c - a +0 shield (worn)
 m - a +0 pair of boots (worn)
 u - a +0 chain mail (worn)
Jewellery
 r - a ring of sustain attributes (left hand)
Wands
 o - a wand of heal wounds (4/9)
 q - a wand of lightning (3/15)
Scrolls
 f - a scroll of recharging {unknown}
 i - 4 scrolls of remove curse
 j - 3 scrolls of teleportation
 l - a scroll of magic mapping
 p - a scroll of blinking {unknown}
 s - a scroll of enchant weapon {unknown}
 v - a scroll of acquirement {unknown}
 w - a scroll of enchant armour {unknown}
 x - a scroll of immolation {unknown}
 y - a scroll of random uselessness {unknown}
Potions
 e - 3 potions of curing
 g - a potion of cancellation
 h - a potion of heal wounds
 t - a potion of lignification {unknown}
Books
 n - a book of Summonings

   Spells                             Type                      Level
   a - Recall                         Summoning/Translocation      3
   b - Aura of Abjuration             Summoning                    5
   c - Summon Demon                   Summoning                    5
   d - Summon Forest                  Summoning/Translocation      5
   e - Summon Mana Viper              Hexes/Summoning              5
   f - Shadow Creatures               Summoning                    6
Comestibles
 k - a meat ration
 z - 2 bread rations
 A - 8 slices of pizza


   Skills:
 * Level 7.7(12.7) Fighting
 - Level 12.0(17.0) Axes
 - Level 3.6(8.6) Armour
 - Level 3.6(8.6) Shields


You had 7 spell levels left.
You didn't know any spells.

Dungeon Overview and Level Annotations

Branches:
Dungeon (9/15)             Temple (1/1) D:5            Lair (0/6) D:9
    Orc: D:9-12

Altars:
Fedhas
Gozag
Okawaru
Ru
Yredelemnul


Innate Abilities, Weirdness & Mutations

You reflexively headbutt those who attack you in melee.
You have a pair of horns on your head.


Message History

An ogre comes into view. It is wielding a giant club.
Unknown command.
The ogre shouts!
You slash the orc warrior! You headbutt the orc warrior.
The orc warrior is heavily wounded.
Unknown command.
Unknown command.
You hit the orc warrior. Your headbutt misses the orc warrior.
The orc warrior is severely wounded.
You closely miss the orc wizard.
The orc warrior hits you with a dire flail!
* * * LOW HITPOINT WARNING * * *
The orc wizard hits you but does no damage.
Unknown command.
You slash the orc warrior!
You kill the orc warrior!
Okawaru accepts your kill.
You closely miss the orc wizard.
The orc wizard hits you but does no damage.
Unknown command.
You slice the orc wizard!!
You kill the orc wizard!
Okawaru accepts your kill.
You slash the porcupine! You block the porcupine's attack.
Unknown command.
Unknown command.
You are struck by the porcupine's spines.
* * * LOW HITPOINT WARNING * * *
You closely miss the porcupine.
The basilisk hisses angrily.
Your headbutt misses the porcupine.
The porcupine is almost dead.
You closely miss the orc. You hit the orc. The orc barely misses you.
You furiously retaliate!
You headbutt the orc!!
You kill the orc!
Okawaru accepts your kill. The orc completely misses you.
The porcupine bites you but does no damage.
You are struck by the porcupine's spines.
You die...

............#...#...
.l......... #...##.#
....r.....# .... ##
.......5..#
......$r..#
....O.....#
..........#
......o)r.#
......)@..#
...######## .. .


You could see a basilisk, an ogre, 2 porcupines, a crimson imp, an orc and a
rat.

Vanquished Creatures
  Eustachio (D:5)
  2 orc warriors
  2 porcupines
  An ice beast (D:8)
  A sky beast (D:8)
  An ogre (D:4)
  2 centaurs
  A necrophage (D:7)
  2 scorpions
  4 hounds
  A quasit (D:6)
  2 giant frog skeletons
  A giant frog zombie (D:8)
  An orc wizard (D:9)
  2 centaur skeletons
  An iguana (D:4)
  Natasha (D:2)
  2 worker ants (D:8)
  7 big kobold zombies (Ossuary)
  2 hound skeletons
  A mummy (Ossuary)
  6 adders
  A river rat (D:9)
  An ooze (D:2)
  An adder zombie (D:5)
  3 worms
  A dart slug (D:2)
  A giant gecko (D:3)
  14 orcs
  2 spectral bats (Ossuary)
  2 giant cockroaches
  5 gnoll zombies (Ossuary)
  7 goblins
  4 hobgoblins
  2 jackals (D:4)
  A quokka (D:8)
  7 bats
  3 bat simulacra (Ossuary)
  3 giant newts
  4 goblin simulacra (Ossuary)
  3 goblin zombies (Ossuary)
  7 hobgoblin zombies (Ossuary)
  4 kobolds
  3 kobold simulacra (Ossuary)
  3 kobold zombies (Ossuary)
  4 orc zombies (Ossuary)
  3 rats
  5 rat simulacra (Ossuary)
  4 spectral kobolds (Ossuary)
  4 spectral rats (Ossuary)
146 creatures vanquished.

Vanquished Creatures (others)
  An orc zombie (Ossuary)
1 creature vanquished.

Grand Total: 147 creatures vanquished

Notes
Turn   | Place    | Note
-------+----------+-------------------------------------------
     0 | D:1      | Implojin the Minotaur Fighter began the quest for the Orb.
     0 | D:1      | Reached XP level 1. HP: 19/19 MP: 0/0
    35 | D:1      | Reached skill level 3 in Axes
    41 | D:1      | Reached XP level 2. HP: 25/26 MP: 1/1
   121 | D:2      | Noticed Natasha
   127 | D:2      | Noticed a crimson imp
   128 | D:2      | Killed Natasha
   128 | D:2      | Reached skill level 4 in Axes
   128 | D:2      | Reached XP level 3. HP: 22/31 MP: 2/2
   267 | D:3      | Reached skill level 5 in Axes
   273 | D:3      | Reached XP level 4. HP: 33/39 MP: 3/3
   319 | D:3      | Found a sacrificial altar of Ru.
   393 | D:3      | Reached skill level 6 in Axes
   473 | D:3      | Found a basalt altar of Yredelemnul.
   499 | D:2      | Reached XP level 5. HP: 45/45 MP: 4/4
   526 | D:3      | You fall through a shaft!
   553 | D:4      | Reached skill level 7 in Axes
   613 | D:4      | Reached XP level 6. HP: 50/51 MP: 5/5
   632 | D:4      | Reached skill level 8 in Axes
   698 | D:5      | Entered Level 5 of the Dungeon
   707 | D:4      | Found a sand-covered staircase.
   726 | Ossuary  | Entered an ossuary
   829 | Ossuary  | Reached skill level 9 in Axes
   903 | Ossuary  | Reached XP level 7. HP: 17/57 MP: 6/6
  1069 | D:5      | Noticed Eustachio
  1090 | D:5      | Killed Eustachio
  1090 | D:5      | Reached skill level 10 in Axes
  1114 | D:5      | Found a staircase to the Ecumenical Temple.
  1130 | Temple   | Entered the Ecumenical Temple
  1137 | Temple   | Became a worshipper of Warmaster Okawaru
  1320 | D:7      | Reached skill level 11 in Axes
  1358 | D:7      | Reached XP level 8. HP: 14/64 MP: 7/7
  1398 | D:8      | Reached * piety under Okawaru
  1510 | D:9      | Found a staircase to the Lair.
  1518 | D:8      | HP: 2/64 [porcupine's spines (9)]
  1522 | D:8      | Reached skill level 12 in Axes
  1598 | D:8      | Reached skill level 4 in Fighting
  1690 | D:8      | Reached skill level 5 in Fighting
  1705 | D:8      | Reached skill level 6 in Fighting
  1805 | D:9      | Reached skill level 7 in Fighting
  1812 | D:9      | Impaled on a porcupine's spines

Vault maps used:
D:1:      saegor_arrival_simple_b
D:2:      kennysheep_crisscross, minmay_misc_feat_iff, uniq_natasha
D:3:      minmay_diamond_boxcup, yredelemnul_altar_generic,
          nicolae_ru_awakened_eye, uniq_terence
D:4:      nicolae_ossuary_entry_ruins, roderic_st_hans_cross
D:5:      first_bread, st_stairs_7, uniq_grinder, uniq_menkaure, uniq_edmund,
          uniq_eustachio
D:6:      nicolae_whirlpool
D:7:      uniq_duvessa
D:8:      grunt_pizzeria, minivault_22, uniq_pikel
D:9:      minmay_lair_entry_grove, david_orc_1_choice
Temple:   minmay_crystal_snake_temple
Ossuary:  ossuary_zaba_two_paths

Skill      XL: |  1  2  3  4  5  6  7  8 |
---------------+-------------------------+-----
Axes           | 3 4 5 6 7 9 11 12 | 12.0
Fighting       | 7 |  7.7
Armour         | |  3.6
Shields        | |  3.6

Action                   |  1- 3 |  4- 6 |  7- 9 || total
-------------------------+-------+-------+-------++-------
Melee: War axe           |    45 |   170 |   159 ||   374
       Headbutt          |     9 |    37 |    21 ||    67
Invok: Heroism           |       |       |     7 ||     7
  Use: Scroll            |       |       |     9 ||     9
       Potion            |       |       |     3 ||     3
  Eat: Bread ration      |       |       |     1 ||     1
Armor: Scale mail        |    16 |       |       ||    16
       Chain mail        |     8 |    74 |    86 ||   168
Dodge: Dodged            |    18 |    28 |    44 ||    90
Block: Shield            |    46 |    78 |    91 ||   215

Table legend:
 A = Turns spent in this place as a percentage of turns spent in the entire game.
 B = Non-inter-level travel turns spent in this place as a percentage of non-inter-level travel turns spent in the entire game.
 C = Inter-level travel turns spent in this place as a percentage of turns spent in this place.
 D = Turns resting spent in this place as a percentage of non-inter-level travel turns spent in this place.
 E = Turns spent auto-exploring this place as a percentage of non-inter-level travel turns spent in this place.
 F = Non-inter-level travel turns spent in this place divided by the number of levels of this place that you've seen.
                   A       B       C       D       E      F
               +-------+-------+-------+-------+-------+----------------------
         Total | 100.0 | 100.0 |   0.0 |   0.0 |   0.0 | 167.5
       Dungeon |  82.5 |  82.5 |   0.0 |   0.0 |   0.0 | 168.8
        Temple |   0.8 |   0.8 |   0.0 |   0.0 |   0.0 |  14.0
       Ossuary |  16.8 |  16.8 |   0.0 |   0.0 |   0.0 | 309.0
               +-------+-------+-------+-------+-------+----------------------

Table legend:
 A = Kills in this place as a percentage of kills in entire the game.
 B = Kills by you in this place as a percentage of kills by you in the entire game.
 C = Kills by friends in this place as a percentage of kills by friends in the entire game.
 D = Other kills in this place as a percentage of other kills in the entire game.
 E = Experience gained in this place as a percentage of experience gained in the entire game.
 F = Experience gained in this place divided by the number of levels of this place that you have seen.
                   A       B       C       D       E      F
               +-------+-------+-------+-------+-------+----------------------
         Total | 100.0 | 100.0 |  -nan |  -nan | 100.0 | 246.2
       Dungeon |  63.2 |  63.2 |  -nan |  -nan |  90.7 | 273.0
       Ossuary |  36.8 |  36.8 |  -nan |  -nan |   9.3 | 251.0
               +-------+-------+-------+-------+-------+----------------------
